 Dungeon Crawl Stone Soup version 0.30-b1-2-g02819fbbbe (webtiles) character file.

Game seed: 4437481080873353452

252 Alarkh the Insei (level 5, -5/43 HPs)
             Began as a Demonspawn Chaos Knight on May 21, 2023.
             Was a Plaything of Xom.
             Splashed by a jelly's acid (8 damage)
             ... on level 5 of the Dungeon.
             The game lasted 00:07:39 (3417 turns).

Alarkh the Insei (Demonspawn Chaos Knight)          Turns: 3417, Time: 00:07:40

Health: -5/43      AC: -4    Str: 12    XL:     5   Next: 89%
Magic:  5/5        EV: 11    Int: 15    God:    Xom [......]
Gold:   268        SH:  0    Dex: 11    Spells: 4/4 levels left

rFire   . .          .
                       - Unarmed
rCold   . . .        (no shield)
rNeg    . . .        a - +2 leather armour
rPois   .            (helmet restricted)
rElec   .            (no cloak)
rCorr   .            n - +0 pair of gloves
SInv    .            (no boots)
Will    .....        (no amulet)
Stlth   +            (no ring)
HPRegen 0.27/turn    (no ring)
MPRegen 0.09/turn

%: no passive effects
@: corroded
A: antennae 1, powered by death 1, sharp scales 1, clumsy 1
a: Renounce Religion


You were on level 5 of the Dungeon.
You worshipped Xom.
You were a very special plaything of Xom.
You visited 2 branches of the dungeon, and saw 6 of its levels.

You collected 268 gold pieces.

Inventory:

Missiles
 o - 2 atropa-tipped darts
Armour
 a - a +2 leather armour (worn)
 c - the +2 ring mail of Dishonesty {Harm rPois Slay-2}
   (You found it on level 2 of the Dungeon)

   Slay:      It affects your accuracy & damage with ranged weapons and melee
   (-2).
   rPois:     It protects you from poison.
   Harm:      It increases damage dealt and taken.
 n - a +0 pair of gloves (worn)
Magical Staves
 k - a staff of air
Scrolls
 d - a scroll of enchant armour {unknown}
 e - 3 scrolls of amnesia
 f - 3 scrolls of enchant weapon {unknown}
 g - a scroll of noise {unknown}
 j - a scroll of teleportation {unknown}
 l - 2 scrolls of poison {unknown}
 m - 3 scrolls of fog
 q - a scroll of fear {unknown}
 r - a scroll of identify
Potions
 h - a potion of attraction
 p - a potion of mutation
 s - 2 potions of brilliance
 t - a potion of heal wounds {unknown}
Miscellaneous
 b - a piece from Xom's chessboard (14/15) (quivered)


   Skills:
 + Level 4.4 Fighting
 - Level 1.7 Armour
 + Level 1.0 Dodging
 * Level 5.2 Unarmed Combat
 + Level 0.1 Evocations


You had 4 spell levels left.
You didn't know any spells.
Your spell library contained the following spells:

 Spells                   Type           Power      Damage    Failure   Level
 Portal Projectile        Hex/Tloc       0%         N/A       71%         3
 Tukima's Dance           Hex            0%         N/A       71%         3
 Blade Hands              Tmut           0%         N/A       100%        5


Dungeon Overview and Level Annotations

Branches:
Dungeon (5/15)             Temple (1/1) D:4

Altars:
Ashenzari
Dithmenos
Fedhas
Gozag
Hepliaklqana
Kikubaaqudgha
Makhleb
Nemelex Xobeh
Ru
Uskayaw
Wu Jian

Shops:
D:2 :   D:4 [

Annotations:
D:2 1 runed translucent door, Crazy Yiuf


Innate Abilities, Weirdness & Mutations

You have a pair of small antennae on your head.
You regenerate a little health from kills.
You are partially covered in razor-sharp scales. (AC +1, Slay +1)
You are clumsy. (Dex -2)


Message History

Things that are here:
a +0 flail; a +0 flail of protection; a +0 dagger You now have 255 gold pieces (gained 9).
Found 6 poisoned darts.
You now have 268 gold pieces (gained 13).
You see here 6 poisoned darts.
A jelly comes into view.
The jelly quivers.
You hit the jelly.
Your hands burn!
The jelly is moderately wounded.
The jelly barely misses you.
You punch the jelly! The acid corrodes you!
Your hands burn!
The jelly is severely wounded.
The jelly hits you.
You are splashed with acid.
You hit the jelly but do no damage.
Your hands burn!
The jelly is severely wounded.
The jelly misses you.
You hit the jelly but do no damage. The acid corrodes you!
Your hands burn!
The jelly is severely wounded.
The jelly hits you. The acid corrodes you!
You are splashed with acid!
You are too injured to fight recklessly!
The jelly attacks as you move away! The jelly hits you. The acid corrodes you!
You are splashed with acid.
* * * LOW HITPOINT WARNING * * *
The jelly jiggles.
The jelly attacks as you move away! The jelly hits you.
* * * LOW HITPOINT WARNING * * *
You are splashed with acid!
* * * LOW HITPOINT WARNING * * *
You feel better. The jelly barely misses you.
You make a move on Xom's chessboard...
The jelly falls asleep!
The helpless jelly fails to defend itself.
You hit the jelly.
Your hands burn!
* * * LOW HITPOINT WARNING * * *
The jelly is almost dead.
The jelly hits you.
* * * LOW HITPOINT WARNING * * *
You are splashed with acid!
You die...
Xom bursts into laughter!

#.### #.# #.#
#.# #.# #.#
### #.# ##..
##########.#
#.#.
#.@........#
#...##
#J##########
#....# #.#
#..#.######.#
#..........#
##.#.#######
...#.#
.......#
#########


You could see a jelly.

Vanquished Creatures
  An iguana (D:4)
  Ijyb (D:4)
  2 orc wizards (D:3)
  3 adders
  9 dart slugs
  16 orcs
  4 ball pythons
  8 bats
  5 endoplasms
  7 goblins
  7 hobgoblins
  3 jackals (D:2)
  A quokka (D:2)
  4 frilled lizards
  10 kobolds
  6 rats
87 creatures vanquished.

Notes
Turn   | Place    | Note
-------+----------+-------------------------------------------
     0 | D:1      | Alarkh the Demonspawn Chaos Knight began the quest for the
                  | Orb.
     0 | D:1      | Reached XP level 1. HP: 18/18 MP: 1/1
   291 | D:1      | Reached skill level 3 in Unarmed Combat
   319 | D:1      | Gained mutation: You are partially covered in razor-sharp
                  | scales. (AC +1, Slay +1) [demonic ancestry]
   319 | D:1      | Reached XP level 2. HP: 20/24 MP: 2/2
  1168 | D:2      | Found Xifokhur's Book Shoppe.
  1168 | D:2      | Noticed a walking frostbound tome
  1168 | D:2      | XOM: 7-stop teleportation journey
  1184 | D:2      | Noticed a walking crystal tome
  1277 | D:2      | Gained mutation: You regenerate a little health from kills.
                  | [demonic ancestry]
  1277 | D:2      | Reached XP level 3. HP: 29/29 MP: 3/3
  1429 | D:2      | Identified the +2 ring mail of Dishonesty {Harm rPois
                  | Slay-2}
  1457 | D:2      | XOM: scenery: summon butterflies
  1477 | D:2      | Found a runed translucent door.
  1478 | D:2      | Noticed Crazy Yiuf
  1526 | D:2      | XOM: god gift: 2 atropa-tipped darts
  1600 | D:3      | XOM: 1-stop teleportation journey
  1776 | D:3      | Found a faded altar of an unknown god.
  1832 | D:3      | XOM: scenery: summon butterflies
  1857 | D:3      | XOM: noise
  1870 | D:3      | XOM: chaos upgrade
  1878 | D:3      | Reached skill level 4 in Unarmed Combat
  1878 | D:3      | Gained mutation: You have a pair of small antennae on your
                  | head. [demonic ancestry]
  1878 | D:3      | Reached XP level 4. HP: 23/37 MP: 4/4
  1904 | D:3      | XOM: cloud trail
  2343 | D:3      | XOM: silly message
  2361 | D:4      | Reached XP level 5. HP: 42/42 MP: 5/5
  2465 | D:4      | Found a staircase to the Ecumenical Temple.
  2545 | D:4      | Noticed Ijyb
  2553 | D:4      | Paralysed by Ijyb for 5 turns
  2563 | D:4      | XOM: blink monster(s)
  2585 | D:4      | XOM: enchant monster (bad)
  2594 | D:4      | XOM: confusion
  2616 | D:4      | XOM: chaos upgrade
  2628 | D:4      | Killed Ijyb
  2629 | D:4      | Reached skill level 5 in Unarmed Combat
  2673 | D:4      | Identified the +4 dagger "Hydrabane" {flame, Int+3}
  2807 | D:4      | Found Vugeoghouc's Armour Shoppe.
  2912 | D:4      | Reached skill level 1 in Dodging
  3075 | D:4      | XOM: give mutation
  3075 | D:4      | Gained mutation: You are clumsy. (Dex -2) [Xom's mischief]
  3115 | Temple   | Entered the Ecumenical Temple
  3279 | D:5      | Entered Level 5 of the Dungeon
  3414 | D:5      | HP: 1/43 [acid (9)]
  3417 | D:5      | Splashed by a jelly's acid

Illustrated notes

Levels and vault maps discovered:
D:1:      dpeg_arrival_signposts, layout_basic
D:2:      layout_rooms, serial_shops, nicolae_shop_mannequins,
          uniq_crazy_yiuf_cottage
D:3:      layout_rooms, ebering_ecumenical_altar_hall
D:4:      kennysheep_slugbush, layout_cave_pools, minmay_temple_entry_mist,
          serial_shops, nicolae_shop_window_shopping, uniq_ijyb
D:5:      layout_loops_ring, zin_angel, minivault_23, minmay_manual_monstrance,
          uniq_blork_the_orc, uniq_eustachio
Temple:   hellmonk_temple_flake

Skill      XL: |  1  2  3  4  5 |
---------------+----------------+-----
Unarmed Combat | 3 4 5 |  5.2
Fighting       | 4 |  4.4
Dodging        | 1 |  1.0
Armour         | |  1.7
Evocations     | |  0.1

Action                     |  1- 3 |  4- 6 || total
---------------------------+-------+-------++-------
  Melee: Unarmed           |   131 |   203 ||   334
         Punch             |     3 |     6 ||     9
  Evoke: Piece from Xom's  |       |     1 ||     1
    Use: Scroll            |     5 |     1 ||     6
         Potion            |       |     4 ||     4
   Stab: Sleeping          |     2 |     2 ||     4
         Invisible         |       |     9 ||     9
 Armour: Leather armour    |    46 |    65 ||   111
  Dodge: Dodged            |    64 |   108 ||   172
